 Dungeon Crawl Stone Soup version 0.28-a0-724-g66f9036eb4 (webtiles) character file.

Game seed: 1004632785950278924

42 lawman0 the Grasshopper (level 3, -1/28 HPs)
             Began as a Barachi Warper on Oct 26, 2021.
             Slain by an iguana (12 damage)
             ... on level 3 of the Dungeon.
             The game lasted 00:01:47 (1888 turns).

lawman0 the Grasshopper (Barachi Warper)            Turns: 1888, Time: 00:01:48

Health: -1/28      AC:  3    Str: 10 (12) XL:     3   Next: 56%
Magic:  6/6        EV: 15    Int: 13 (14) God:
Gold:   111        SH:  0    Dex:  8 (11) Spells: 1/6 levels left

rFire   . . .      SeeInvis .   a - +0 falchion
rCold   . . .      Faith    .   (no shield)
rNeg    . . .      Spirit   .   b - +0 leather armour
rPois   .          Reflect  .   (no helmet)
rElec   .          Harm     .   (no cloak)
rCorr   .          Rampage  .   (no gloves)
Will    .....                   (no boots)
Stlth   +.........              (no amulet)
HPRegen 0.09/turn               j - +4 ring of evasion
MPRegen 0.10/turn               (no ring)

@: invisible, slow
A: amphibious, slowness 1, strong legs 1, +LOS
a: Hop


You were on level 3 of the Dungeon.
You visited 1 branch of the dungeon, and saw 3 of its levels.

You collected 111 gold pieces.

Inventory:

Hand Weapons
 a - a +0 falchion (weapon)
Missiles
 d - 5 boomerangs of dispersal (quivered)
Armour
 b - a +0 leather armour (worn)
Jewellery
 j - a +4 ring of evasion (left hand)
Scrolls
 c - a scroll of blinking
 i - a scroll of holy word
Potions
 f - a potion of resistance {unknown}
 g - a potion of heal wounds


   Skills:
 + Level 2.7 Fighting
 * Level 2.7 Long Blades
 + Level 1.0 Throwing
 + Level 2.0 Armour
 + Level 2.6 Dodging
 + Level 0.2 Stealth
 + Level 2.3 Spellcasting
 * Level 3.9 Translocations


You had one spell level left.
You knew the following spells:

 Your Spells              Type           Power      Damage    Failure   Level
a - Blink                 Tloc           22%        N/A       10%         2
b - Teleport Other        Tloc           11%        N/A       19%         3

Your spell library contained the following spells:

 Spells                   Type           Power      Damage    Failure   Level
 Gell's Gravitas          Tloc           5%         N/A       19%         3
 Lesser Beckoning         Tloc           11%        N/A       19%         3
 Portal Projectile        Hex/Tloc       12%        N/A       41%         3
 Manifold Assault         Tloc           11%        N/A       87%         5
 Blade Hands              Tmut           0%         N/A       100%        5
 Excruciating Wounds      Necr           0%         N/A       100%        5


Dungeon Overview and Level Annotations

Branches:
Dungeon (3/15)

Altars:


Innate Abilities, Weirdness & Mutations

You are amphibious.
You cover ground slowly.
You can hop short distances.
You have an extended range of vision and can be seen from far away.


Message History

The orc is severely wounded.
The orc hits you with a +0 dagger.
You hit the orc but do no damage.
The orc is severely wounded.
The orc hits you with a +0 dagger.
You hit the orc but do no damage.
The orc is severely wounded.
The orc hits you but does no damage.
You strike the helpless orc from behind!
You hit the orc but do no damage.
The orc is severely wounded.
You slash the orc!
You kill the orc!
You hit the iguana.
The iguana is moderately wounded.
The iguana completely misses you.
You hit the iguana.
The iguana is heavily wounded.
The iguana bites you!
You hear a shout!
You barely miss the iguana.
The iguana is heavily wounded.
You hit the iguana.
The iguana is heavily wounded.
The iguana closely misses you. The iguana misses you.
You hit the iguana but do no damage.
The iguana is heavily wounded.
The iguana barely misses you.
You hit the iguana.
The iguana is heavily wounded.
The iguana misses you.
It was a potion of cancellation.
Your magical effects are unravelling.
You feel magically purged.
Your magical contamination has completely faded away.
You flicker back into view.
The iguana misses you.
You fade into invisibility!
The iguana bites you!
You die...

############
#ol@........
#o##########
#########'######
#........l.....#
#...........o..#
#####............o.#
#........>............
##.##.................
###.##..............###


You could see an iguana and 2 orcs.

Vanquished Creatures
  An adder (D:2)
  A worm (D:3)
  An orc (D:3)
  4 ball pythons
  3 endoplasms
  A giant cockroach (D:1)
  4 goblins
  4 hobgoblins
  A kobold (D:1)
  2 quokkas (D:2)
  A bat (D:2)
  A frilled lizard (D:1)
  3 rats
27 creatures vanquished.

Notes
Turn   | Place    | Note
-------+----------+-------------------------------------------
     0 | D:1      | lawman0 the Barachi Warper began the quest for the Orb.
     0 | D:1      | Reached XP level 1. HP: 17/17 MP: 3/3
   257 | D:1      | Reached XP level 2. HP: 18/23 MP: 5/5
   262 | D:1      | Learned a level 2 spell: Blink
  1253 | D:2      | Reached XP level 3. HP: 20/28 MP: 6/6
  1257 | D:2      | Learned a level 3 spell: Teleport Other
  1642 | D:2      | Found a faded altar of an unknown god.
  1888 | D:3      | Slain by an iguana

Illustrated notes

Levels and vault maps discovered:
D:1:      lightli_arrival_noodles, layout_basic
D:2:      layout_loops_ring, shapermc_ecumenical_altar_hornbeckon
D:3:      kennysheep_slugbush, layout_basic, minivault_4

Skill      XL: |  1  2  3 |
---------------+----------+-----
Armour         | 2 |  2.0
Fighting       | |  2.7
Long Blades    | |  2.7
Throwing       | |  1.0
Dodging        | |  2.6
Stealth        | |  0.2
Spellcasting   | |  2.3
Translocations | |  3.9

Action                   || total
-------------------------++-------
Melee: Falchion          ||   100
  Use: Scroll            ||     2
       Potion            ||     4
 Stab: Invisible         ||     1
Armor: Leather armour    ||    28
Dodge: Dodged            ||    75

Table legend: (Time is in decaauts)
 A = Elapsed time spent in this place.
 B = Non-inter-level travel time spent in this place.
 C = Inter-level travel time spent in this place.
 D = Time resting spent in this place.
 E = Time spent auto-exploring this place.
 F = Levels seen in this place.
 G = Mean time per level.
                   A        B        C        D        E       F      G
               +--------+--------+--------+--------+--------+-----+--------+
         Total |   2176 |   2084 |     92 |      0 |   1809 |   3 |  725.3 |
       Dungeon |   2176 |   2084 |     92 |      0 |   1809 |   3 |  725.3 |
               +--------+--------+--------+--------+--------+-----+--------+

Top non-repeatable levels by time:
     D:1: 1144 daAuts
     D:2: 909 daAuts
     D:3: 122 daAuts
